 Dungeon Crawl Stone Soup version 0.29.1-12-g30fa7ad0bf (webtiles) character file.

Game seed: 6269599679099823915

644 ChadusMaximus the Trooper (level 7, -11/63 HPs)
             Began as a Minotaur Fighter on Dec 17, 2022.
             Was a Follower of Okawaru.
             Killed from afar by Dowan (17 damage)
             ... with a stone arrow
             ... on level 4 of the Dungeon.
             The game lasted 00:03:23 (4180 turns).

ChadusMaximus the Trooper (Minotaur Fighter)        Turns: 4180, Time: 00:03:23

Health: -11/63     AC: 15    Str: 22    XL:     7   Next: 27%
Magic:  6/6        EV:  6    Int:  5    God:    Okawaru [*.....]
Gold:   197        SH:  5    Dex: 10    Spells: 6/6 levels left

rFire   . . .      SeeInvis .   a - +0 war axe
rCold   . . .      Faith    .   c - +0 buckler
rNeg    . . .      Spirit   .   j - +0 plate armour
rPois   .          Reflect  .   (helmet restricted)
rElec   .          Harm     .   f - +0 cloak
rCorr   .          Rampage  .   (no gloves)
Will    .....                   m - +0 pair of boots
Stlth   ..........              (no amulet)
HPRegen 0.20/turn               (no ring)
MPRegen 0.10/turn               (no ring)

@: mighty, slowed, very slow
A: horns 2, retaliatory headbutt
a: Renounce Religion, Heroism


You were on level 4 of the Dungeon.
You worshipped Okawaru.
Okawaru was aware of your devotion.
You visited 1 branch of the dungeon, and saw 4 of its levels.

You collected 197 gold pieces.

Inventory:

Hand Weapons
 a - a +0 war axe (weapon)
Armour
 b - a +0 scale mail
 c - a +0 buckler (worn)
 f - a +0 cloak (worn)
 j - a +0 plate armour (worn)
 m - a +0 pair of boots (worn)
Jewellery
 o - a ring of magical power
 u - a ring of wizardry
Wands
 l - a wand of flame (16)
Scrolls
 e - 4 scrolls of vulnerability {unknown}
 g - 4 scrolls of teleportation {unknown}
 h - a scroll of enchant weapon {unknown}
 k - 7 scrolls of identify {unknown}
 p - 2 scrolls of enchant armour {unknown}
Potions
 i - 2 potions of brilliance {unknown}
 n - a potion of flight {unknown}
 q - a potion of experience {unknown}
 r - a potion of mutation {unknown}
 s - 2 potions of lignification {unknown}
 t - 2 potions of cancellation {unknown}
 v - a potion of berserk rage {unknown}
 w - a potion of curing {unknown}
 x - a potion of magic {unknown}


   Skills:
 + Level 6.0 Fighting
 + Level 5.1 Axes
 + Level 6.0 Armour
 + Level 6.0 Shields


You had 6 spell levels left.
You didn't know any spells.
Your spell library contained the following spells:

 Spells                   Type           Power      Damage    Failure   Level
 Ozocubu's Armour         Ice            0%         N/A       100%        3
 Metabolic Englaciation   Hex/Ice        0%         N/A       100%        5
 Simulacrum               Ice/Necr       Unusable   N/A       N/A         6

Dungeon Overview and Level Annotations

Branches:
Dungeon (4/15)
 Temple: D:4-7

Altars:
Cheibriados
Okawaru

Annotations:
D:4 Dowan


Innate Abilities, Weirdness & Mutations

You have a pair of horns on your head.
You reflexively headbutt those who attack you in melee.


Message History

Okawaru accepts your kill.
You slash Dowan!
You feel sick.
You are no longer poisoned.
You block Dowan's attack. The kobold brigand barely misses you.
Dowan hits you but does no damage.
The kobold brigand hits you but does no damage.
Dowan gestures at you while chanting. The stone arrow hits you!
* * * LOW HITPOINT WARNING * * *
You closely miss the kobold brigand.
The kobold brigand is almost dead.
You hit Dowan. Dowan hits you but does no damage.
The kobold brigand hits you with a +0 whip.
* * * LOW HITPOINT WARNING * * *
Dowan hits you with a +0 dagger.
* * * LOW HITPOINT WARNING * * *
The kobold brigand hits you with a +0 whip.
* * * LOW HITPOINT WARNING * * *
Dowan barely misses you.
Unknown command.
You completely miss the kobold brigand. You headbutt the kobold brigand.
You kill the kobold brigand!
Okawaru accepts your kill.
You can now gain great but temporary skills.
You barely miss Dowan. You block Dowan's attack.
Dowan hits you but does no damage.
Dowan says, "Her death will not be in vain!"
Dowan hits you but does no damage.
Your Fighting skill increases to level 6!
Your Armour skill increases to level 6!
Your Shields skill increases to level 6!
You slash Dowan!
Dowan is almost dead.
You block Dowan's attack. x2; Dowan hits you with a +0 dagger.
* * * LOW HITPOINT WARNING * * *
You closely miss Dowan. Your headbutt misses Dowan.
Dowan is almost dead.
Dowan casts a spell at you. The stone arrow hits you!
You die... ......^......#......♣ KKK..

.............#.....##
#♣♣KK♣
.............'.....###♣..♣
###....##...#..<..#PPK.♣.#
####....##...#>....#)(...##
#.......####+#.....♣..♣.##
#.......##...#.......♣###
#............#e....♣##
##......##...@)....##.
#########...#).......
#....#).......
#....#........
#....#........
######........ .........
......... .........


You could see Dowan (fast).

Vanquished Creatures
  Duvessa (D:4)
  A black bear (D:4)
  A kobold brigand (D:4)
  A scorpion (D:4)
  A hound (D:2)
  Terence (D:2)
  An orc wizard (D:3)
  Robin (D:2)
  3 gnolls (D:3)
  6 adders
  5 worms
  4 dart slugs
  6 orcs (D:3)
  7 bats
  3 endoplasms
  3 giant cockroaches
  19 goblins
  7 hobgoblins
  10 jackals (D:1)
  20 kobolds
  7 quokkas
  11 ball pythons
  4 frilled lizards
  6 rats
129 creatures vanquished.

Vanquished Creatures (others)
  49 plants (D:4)
49 creatures vanquished.

Grand Total: 178 creatures vanquished

Notes
Turn   | Place    | Note
-------+----------+-------------------------------------------
     0 | D:1      | ChadusMaximus the Minotaur Fighter began the quest for the
                  | Orb.
     0 | D:1      | Reached XP level 1. HP: 19/19 MP: 0/0
   281 | D:1      | Reached XP level 2. HP: 27/27 MP: 1/1
   602 | D:1      | Reached XP level 3. HP: 32/33 MP: 2/2
   848 | D:1      | Found a faded altar of an unknown god.
  1544 | D:2      | Reached XP level 4. HP: 40/40 MP: 3/3
  1660 | D:2      | Noticed Robin
  1681 | D:2      | Killed Robin
  1907 | D:2      | Noticed Terence
  1913 | D:2      | Killed Terence
  2014 | D:2      | Reached XP level 5. HP: 42/47 MP: 4/4
  2399 | D:3      | Found an iron altar of Okawaru.
  2490 | D:3      | Reached skill level 5 in Shields
  2565 | D:3      | Reached skill level 5 in Fighting
  2565 | D:3      | Reached skill level 5 in Armour
  3160 | D:3      | Reached XP level 6. HP: 56/56 MP: 5/5
  3519 | D:4      | Found a snail-covered altar of Cheibriados.
  4140 | D:3      | Became a worshipper of Warmaster Okawaru
  4169 | D:4      | Noticed Duvessa
  4169 | D:4      | Noticed Dowan
  4175 | D:4      | Killed Duvessa
  4176 | D:4      | Reached skill level 5 in Axes
  4176 | D:4      | Reached XP level 7. HP: 28/62 MP: 6/6
  4178 | D:4      | Reached * piety under Okawaru
  4180 | D:4      | Killed from afar by Dowan

Illustrated notes

Levels and vault maps discovered:
D:1:      dpeg_arrival_radiant, layout_basic,
          hellmonk_ecumenical_altar_defaced_shrine
D:2:      layout_basic, uniq_terence, uniq_robin
D:3:      minmay_chambers_of_twos, layout_rooms, nicolae_overflow_hidden_temple,
          kennysheep_generic_room_9
D:4:      kennysheep_kobold_camp, layout_gridville, cheibriados_altar_1,
          uniq_duvessa

Skill      XL: |  1  2  3  4  5  6  7 |
---------------+----------------------+-----
Shields        | 4 5 6 |  6.0
Armour         | 4 5 6 |  6.0
Fighting       | 4 5 6 |  6.0
Axes           | 3 4 5 |  5.1

Action                   |  1- 3 |  4- 6 |  7- 9 || total
-------------------------+-------+-------+-------++-------
Melee: War axe           |   100 |   183 |     5 ||   288
       Headbutt          |    15 |    20 |     1 ||    36
  Use: Potion            |       |     1 |       ||     1
Armor: Scale mail        |    53 |       |       ||    53
       Plate armour      |    24 |   151 |     5 ||   180
Dodge: Dodged            |    52 |    54 |     2 ||   108
Block: Buckler           |    22 |    64 |     4 ||    90
